 Dungeon Crawl Stone Soup version 0.20.1-1-g8b1a95d (webtiles) character file.

5 tidbits the Vexing (level 1, -4/7 HPs)
             Began as a Felid Enchanter on July 8, 2017.
             Slain by a hound (5 damage)
             ... on level 4 of the Dungeon.
             The game lasted 00:02:40 (283 turns).

tidbits the Vexing (Felid Enchanter)                 Turns: 283, Time: 00:02:41

Health: -4/7       AC:  1    Str:  4    XL:     1   Next: 66%
Magic:  3/4        EV: 18    Int: 16    God:
Gold:   32         SH:  0    Dex: 16    Spells: 3/4 levels left
                                        Lives:  0   Deaths: 0

rFire    . . .     SeeInvis +     - Unarmed
rCold    . . .     Gourm    .   (shield unavailable)
rNeg     + . .     Faith    .   (armour unavailable)
rPois    .         Spirit   .   (helmet unavailable)
rElec    .         Reflect  .   (cloak unavailable)
rCorr    .         Harm     .   (gloves unavailable)
MR       .....                  (boots unavailable)
Stlth    +++.......             (no amulet)
Regen    0.1/turn               g - ring of positive energy
MPRegen  0.1/turn               (no ring)

@: hasted, very quick
A: no armour, no weapons or thrown items, stealth, claws 1, fangs 3, see
invisible, carnivore 3, speed 1, shaggy fur 1, slow metabolism 1, sharp paws
a: no special abilities


You were on level 4 of the Dungeon.
You were not hungry.

You visited 1 branch of the dungeon, and saw 4 of its levels.

You collected 32 gold pieces.

Inventory:

Missiles
 i - 21 arrows
Jewellery
 g - a ring of positive energy (left paw)
   (You found it on level 1 of the Dungeon)
Scrolls
 c - a scroll of identify {unknown}
 h - a scroll of magic mapping {unknown}
Potions
 d - a potion of degeneration {unknown}
 e - a potion of curing {unknown}
 f - a potion of haste
Books
 a - a book of Maledictions

   Spells                             Type                      Level
   a - Corona                         Hexes                        1
   b - Ensorcelled Hibernation        Hexes/Ice                    2
   c - Confuse                        Hexes                        3
   d - Tukima's Dance                 Hexes                        3
   e - Dazzling Spray                 Conjuration/Hexes            3
Comestibles
 b - a meat ration


   Skills:
 - Level 2.6 Dodging
 - Level 4.0 Stealth
 + Level 1.8 Unarmed Combat
 - Level 2.0 Spellcasting
 - Level 4.4 Hexes


You had 3 spell levels left.
You knew the following spells:

 Your Spells              Type           Power        Failure   Level  Hunger
o - Corona                Hex            ###....      3%          1    #......


Dungeon Overview and Level Annotations

Branches:
Dungeon (4/15)
 Temple: D:4-7

Altars:


Innate Abilities, Weirdness & Mutations

You cannot wear armour.
You are incapable of wielding weapons or throwing items.
Your paws allow you to move quietly. (Stealth)
You have sharp claws.
You have razor-sharp teeth.
You have supernaturally acute eyesight. (SInv)
You are carnivorous and can eat meat at any time.
You cover ground quickly.
You are covered in fur. (AC +1)
You have a slow metabolism.
Your sharp claws are effective at attacking unaware monsters.


Message History

You see here a metallic red potion.
The goblin shouts!
You hear an angry hiss.
Casting: Corona
Confirm with . or Enter, or press ? or * to list all spells.
You don't know that spell.
Casting: Corona
Confirm with . or Enter, or press ? or * to list all spells.
Aiming: Corona
Press: ? - help, Shift-Dir - straight line, f - goblin
Aim: a goblin, wielding a club (chance to defeat MR: 69%)
The goblin is outlined in light.
A frilled lizard comes into view.
You scratch the goblin.
The goblin is severely wounded.
The goblin completely misses you.
You scratch the goblin.
You kill the goblin!
You scratch the frilled lizard.
You kill the frilled lizard!
Things that are here:
a club; a frilled lizard corpse; a goblin corpse
e - a metallic red potion
Found 7 gold pieces.
f - an inky potion You now have 17 gold pieces (gained 7).
As you open the door, it creaks loudly!
Found a pair of boots.
There is an open door here.
You see here a pair of boots.
Found a wooden ring.
Found a stone staircase leading down.
g - a wooden ring Put on which piece of jewellery? (? for menu, Esc to quit)
g - a ring of positive energy (left paw)
There is a stone staircase leading down here.
You climb downwards.
Found an inky potion.
There is a stone staircase leading up here.
Found a stone staircase leading down.
f - 2 inky potions (gained 1)
Found a scroll labeled CUORCH TIGHYD.
Found a stone staircase leading down.
h - a scroll labeled CUORCH TIGHYD
Okay, then.
Found a robe.
There is a stone staircase leading down here.
You climb downwards.
Found a stone staircase leading down.
There is a stone staircase leading up here.
There is a stone staircase leading down here.
You climb downwards.
There is a stone staircase leading up here.
Found 21 arrows.
You see here 21 arrows.
i - 21 arrows A leopard gecko skeleton comes into view.
Found 15 gold pieces.
Casting: Corona
Confirm with . or Enter, or press ? or * to list all spells.
Aiming: Corona
Press: ? - help, Shift-Dir - straight line, f - leopard gecko skeleton
Aim: a leopard gecko skeleton (chance to defeat MR: 68%)
The leopard gecko skeleton barely resists.
You scratch the leopard gecko skeleton.
The leopard gecko skeleton is lightly damaged.
The leopard gecko skeleton misses you.
You barely miss the leopard gecko skeleton.
The leopard gecko skeleton is lightly damaged.
The leopard gecko skeleton bites you.
You scratch the leopard gecko skeleton.
The leopard gecko skeleton is moderately damaged.
The leopard gecko skeleton closely misses you.
You barely miss the leopard gecko skeleton.
The leopard gecko skeleton is moderately damaged.
The leopard gecko skeleton barely misses you.
You scratch the leopard gecko skeleton.
The leopard gecko skeleton is heavily damaged.
The leopard gecko skeleton barely misses you.
You closely miss the leopard gecko skeleton.
The leopard gecko skeleton is heavily damaged.
The leopard gecko skeleton misses you.
You scratch the leopard gecko skeleton.
You destroy the leopard gecko skeleton!
You now have 32 gold pieces (gained 15).
Found a hunting sling.
A hound comes into view.
The hound barks!
You miss the hound. The hound closely misses you.
Casting: Corona
Confirm with . or Enter, or press ? or * to list all spells.
Aiming: Corona
Press: ? - help, Shift-Dir - straight line, f - hound
Aim: a hound (chance to defeat MR: 61%)
The hound struggles to resist.
The hound barely misses you. The hound bites you.
* * * LOW HITPOINT WARNING * * *
Unknown command.
Okay, then.
It was a potion of haste.
You feel yourself speed up. The hound bites you.
Ouch! That really hurt!
You die...

## ###
...#####.######
..............#
.......h....... .
#@.# .. #..# ..
#####..######.#
...............# .#
######......#####.#
.)..............#
####............#
......##.#......
............###.#


You could see a hound.

Vanquished Creatures
  A giant cockroach (D:2)
  A goblin (D:1)
  A bat (D:2)
  2 frilled lizards (D:1)
  A leopard gecko skeleton (D:4)
6 creatures vanquished.

Notes
Turn   | Place    | Note
-------+----------+-------------------------------------------
     0 | D:1      | tidbits the Felid Enchanter began the quest for the Orb.
     0 | D:1      | Reached XP level 1. HP: 7/7 MP: 4/4
   277 | D:4      | Noticed a hound
   283 | D:4      | Slain by a hound

Action                   || total
-------------------------++-------
Melee: Unarmed           ||    20
       Bite              ||     1
 Cast: Corona            ||     5
  Use: Potion            ||     1
 Stab: Sleeping          ||     2
Armor: Skin              ||     2
Dodge: Dodged            ||    15

Table legend:
 A = Turns spent in this place as a percentage of turns spent in the entire game.
 B = Non-inter-level travel turns spent in this place as a percentage of non-inter-level travel turns spent in the entire game.
 C = Inter-level travel turns spent in this place as a percentage of turns spent in this place.
 D = Turns resting spent in this place as a percentage of non-inter-level travel turns spent in this place.
 E = Turns spent auto-exploring this place as a percentage of non-inter-level travel turns spent in this place.
 F = Non-inter-level travel turns spent in this place divided by the number of levels of this place that you've seen.
                   A       B       C       D       E      F
               +-------+-------+-------+-------+-------+----------------------
         Total | 100.0 | 100.0 |   0.0 |   0.0 |   0.0 |  64.2
       Dungeon | 100.0 | 100.0 |   0.0 |   0.0 |   0.0 |  64.2
               +-------+-------+-------+-------+-------+----------------------

Table legend:
 A = Kills in this place as a percentage of kills in entire the game.
 B = Kills by you in this place as a percentage of kills by you in the entire game.
 C = Kills by friends in this place as a percentage of kills by friends in the entire game.
 D = Other kills in this place as a percentage of other kills in the entire game.
 E = Experience gained in this place as a percentage of experience gained in the entire game.
 F = Experience gained in this place divided by the number of levels of this place that you have seen.
                   A       B       C       D       E      F
               +-------+-------+-------+-------+-------+----------------------
         Total | 100.0 | 100.0 |  -nan |  -nan | 100.0 |   2.0
       Dungeon | 100.0 | 100.0 |  -nan |  -nan | 100.0 |   2.0
               +-------+-------+-------+-------+-------+----------------------

Vault maps used:
D:1:      dpeg_arrival_rhombi, minmay_tetromino_i2
D:2:      first_bread, corexii_shack
D:4:      lemuel_doored_altar, uniq_edmund
